 Dungeon Crawl Stone Soup version 0.28.0-53-g5a82cb258f (webtiles) character file.

Game seed: 1515452990095826258

1727600 quokkamancerX the Wrestler (level 25, 282/282 HPs)
             Began as a Troll Monk on July 4, 2022.
             Was a High Priest of Okawaru.
             Escaped with the Orb
             ... and 3 runes!
             The game lasted 04:10:30 (63506 turns).

quokkamancerX the Wrestler (Troll Monk)            Turns: 63506, Time: 04:10:31

Health: 282/282    AC: 41    Str: 33    XL:     25   Next: 96%
Magic:  31/31      EV:  4    Int:  3    God:    Okawaru [*****.]
Gold:   6058       SH: 31    Dex: 16    Spells: 24/24 levels left

rFire   + + .      SeeInvis .     - Unarmed
rCold   + + +      Faith    .   K - +18 shield of the Gong {rElec rN+ Will+ EV-5}
rNeg    + + +      Spirit   +   i - +6 gold dragon scales
rPois   +          Reflect  .   d - +2 hat
rElec   +          Harm     .   J - +0 cloak of Ibryinod {rPois rN+ Will+++ Str-3}
rCorr   .          Rampage  .   (gloves unavailable)
Will    +++++                   (boots unavailable)
Stlth   ..........              B - amulet of guardian spirit
HPRegen 1.37/turn               D - ring of Keydadut {rN+ AC+4 Slay+2}
MPRegen 0.22/turn               N - ring "Uricocwu" {Fly rC+++ AC+4 Int-3}

@: flying
A: large, unfitting armour, claws 3, regeneration 1, shaggy fur 1, tough skin 1,
iridescent scales 1, thin skeletal structure 1, agile 1, deterioration 2, fire
resistance 1, poison resistance, strong 1
0: Orb of Zot
}: 3/15 runes: decaying, serpentine, silver
a: Renounce Religion, Heroism, Finesse, Duel


You escaped.
You worshipped Okawaru.
Okawaru was extremely pleased with you.
You visited 9 branches of the dungeon, and saw 46 of its levels.
You also visited: Trove, Ice Cave, Volcano and Wizlab.

You collected 6734 gold pieces.
You spent 676 gold pieces at shops.

Inventory:

Missiles
 q - 14 curare-tipped darts
 z - 6 throwing nets
 A - 17 silver boomerangs
 R - 102 large rocks
 T - 9 silver javelins (quivered)
Armour
 d - a +2 hat (worn)
 i - +6 gold dragon scales (worn)
 J - the +0 cloak of Ibryinod (worn) {rPois rN+ Will+++ Str-3}
   (Okawaru gifted it to you on level 1 of the Lair of Beasts)

   Str:       It affects your strength (-3).
   rPois:     It protects you from poison.
   rN:        It protects you from negative energy.
   Will:      It greatly increases your willpower.
 K - the +18 shield of the Gong (worn) {rElec rN+ Will+ EV-5}
   (You found it on level 6 of the Lair of Beasts)

   It is deafeningly noisy when blocking attacks.
   EV:        It affects your evasion (-5).
   rElec:     It insulates you from electricity.
   rN:        It protects you from negative energy.
   Will:      It increases your willpower.
Jewellery
 y - a ring of protection from fire
 B - an amulet of guardian spirit (around neck)
 D - the ring of Keydadut (left claw) {rN+ AC+4 Slay+2}
   (You found it on level 1 of the Lair of Beasts)

   [ring of protection]

   AC:        It affects your AC (+4).
   Slay:      It affects your accuracy & damage with ranged weapons and melee
   (+2).
   rN:        It protects you from negative energy.
 N - the ring "Uricocwu" (right claw) {Fly rC+++ AC+4 Int-3}
   (You found it on level 4 of the Vaults)

   [ring of protection]

   AC:        It affects your AC (+4).
   Int:       It affects your intelligence (-3).
   rC:        It renders you almost immune to cold.
   Fly:       It grants you flight.
Wands
 c - a wand of flame (101)
 e - a wand of polymorph (40)
 g - a wand of mindburst (25)
 o - a wand of paralysis (22)
 r - a wand of digging (9)
 s - a wand of iceblast (26)
 E - a wand of acid (16)
Scrolls
 a - a scroll of fog
 b - a scroll of holy word
 h - 3 scrolls of blinking
 l - 3 scrolls of silence
 m - 5 scrolls of immolation
 n - 9 scrolls of fear
 x - 15 scrolls of teleportation
 G - 3 scrolls of torment
 H - 8 scrolls of vulnerability
Potions
 f - 8 potions of brilliance
 j - 22 potions of curing
 k - 2 potions of heal wounds
 t - 2 potions of mutation
 u - 3 potions of attraction
 v - 5 potions of resistance
 w - a potion of haste
 C - 6 potions of lignification
 F - 7 potions of ambrosia
 I - a potion of might
 O - a potion of cancellation
 P - 3 potions of berserk rage
 U - 3 potions of magic


   Skills:
 - Level 22.0 Fighting
 - Level 15.0 Throwing
 - Level 15.0 Armour
 + Level 12.8 Dodging
 - Level 1.0 Stealth
 - Level 15.0 Shields
 - Level 22.0 Unarmed Combat
 - Level 12.0 Invocations


You had 24 spell levels left.
You didn't know any spells.
Your spell library contained the following spells:

 Spells                   Type           Power      Damage    Failure   Level
 Beastly Appendage        Tmut           0%         N/A       100%        1
 Magic Dart               Conj           0%         1d3       100%        1
 Sting                    Tmut/Pois      0%         1d3       100%        1
 Corpse Rot               Necr/Air       0%         N/A       100%        2
 Ensorcelled Hibernation  Hex/Ice        0%         N/A       100%        2
 Passwall                 Tmut/Erth      0%         N/A       100%        2
 Poisonous Vapours        Pois/Air       0%         N/A       100%        2
 Scorch                   Fire           0%         2d5       100%        2
 Searing Ray              Conj           0%         2d4       100%        2
 Static Discharge         Conj/Air       0%         N/A       100%        2
 Sublimation of Blood     Necr           0%         N/A       100%        2
 Wereblood                Tmut           0%         N/A       100%        2
 Confusing Touch          Hex            0%         N/A       100%        3
 Dazzling Flash           Conj/Hex       0%         N/A       100%        3
 Frozen Ramparts          Ice            0%         1d2       100%        3
 Gell's Gravitas          Tloc           0%         N/A       100%        3
 Ignite Poison            Fire/Tmut/Pois 0%         N/A       100%        3
 Mephitic Cloud           Conj/Pois/Air  0%         N/A       100%        3
 Portal Projectile        Hex/Tloc       0%         N/A       100%        3
 Spider Form              Tmut/Pois      0%         N/A       100%        3
 Swiftness                Air            0%         N/A       100%        3
 Anguish                  Hex/Necr       0%         N/A       100%        4
 Cause Fear               Hex            0%         N/A       100%        4
 Dispel Undead            Necr           0%         3d6       100%        4
 Flame Wave               Conj/Fire      0%         2d4       100%        4
 Fulminant Prism          Conj/Hex       0%         3d6       100%        4
 Ice Form                 Ice/Tmut       0%         N/A       100%        4
 Iskenderun's Mystic Bla  Conj/Tloc      0%         2d3       100%        4
 Olgreb's Toxic Radiance  Pois           0%         N/A       100%        4
 Passage of Golubria      Tloc           0%         N/A       100%        4
 Petrify                  Tmut/Erth      0%         N/A       100%        4
 Agony                    Necr           0%         N/A       100%        5
 Blade Hands              Tmut           0%         N/A       100%        5
 Borgnjor's Vile Clutch   Necr/Erth      0%         N/A       100%        5
 Excruciating Wounds      Necr           0%         N/A       100%        5
 Freezing Cloud           Conj/Ice/Air   0%         6-21      100%        5
 Lee's Rapid Deconstruct  Erth           0%         3d5*      100%        5
 Lightning Bolt           Conj/Air       0%         1d11      100%        5
 Silence                  Hex/Air        0%         N/A       100%        5
 Yara's Violent Unravell  Hex/Tmut       0%         3d3       100%        5
 Conjure Ball Lightning   Conj/Air       0%         3x3d6     100%        6
 Dispersal                Tloc           0%         N/A       100%        6
 Eringya's Noxious Bog    Tmut/Pois      0%         N/A       100%        6
 Iron Shot                Conj/Erth      0%         9d1       100%        6
 Statue Form              Tmut/Erth      0%         N/A       100%        6
 Dragon Form              Tmut           0%         N/A       100%        7
 Enfeeble                 Hex            0%         N/A       100%        7
 Orb of Destruction       Conj           0%         9d5       100%        7
 Borgnjor's Revivificati  Necr           0%         N/A       100%        8
 Discord                  Hex            0%         N/A       100%        8
 Disjunction              Tloc           0%         N/A       100%        8
 Maxwell's Capacitive Co  Air            0%         ∞         100%        8
 Necromutation            Tmut/Necr      0%         N/A       100%        8
 Death's Door             Necr           0%         N/A       100%        9
 Summon Guardian Golem    Hex/Summ       Unusable   N/A       N/A         3
 Tukima's Dance           Hex            Unusable   N/A       N/A         3
 Animate Armour           Summ/Erth      Unusable   N/A       N/A         4
 Animate Dead             Necr           Unusable   N/A       N/A         4
 Summon Ice Beast         Ice/Summ       Unusable   N/A       N/A         4
 Death Channel            Necr           Unusable   N/A       N/A         6
 Summon Cactus Giant      Summ           Unusable   N/A       N/A         6
 Spellforged Servitor     Conj/Summ      Unusable   N/A       N/A         7
 Summon Hydra             Summ           Unusable   N/A       N/A         7
 Dragon's Call            Summ           Unusable   N/A       N/A         9

Dungeon Overview and Level Annotations

Branches:
Dungeon (15/15)            Temple (1/1) D:5            Lair (6/6) D:8
  Swamp (4/4) Lair:3        Snake (4/4) Lair:3        Slime (0/5) Lair:6
    Orc (2/2) D:12            Elf (0/3) Orc:2        Vaults (5/5) D:13
  Crypt (0/3) Vaults:3     Depths (4/4) D:15            Zot (5/5) Depths:4
  IceCv (visited)         Volcano (visited)          WizLab (visited)

Altars:
Ashenzari
Cheibriados
Dithmenos
Elyvilon
Fedhas
Gozag
Hepliaklqana
Kikubaaqudgha
Makhleb
Nemelex Xobeh
Okawaru
Qazlal
Ru
Sif Muna
Trog
Uskayaw
Vehumet
Wu Jian
Xom
Yredelemnul
Zin
The Shining One
Jiyva
Lugonu

Shops:
Orc:2 [*[(   Vaults:3 (   Depths:1 :=:   Depths:4 ?

Portals:
Hell: Depths:1 Depths:2 Depths:3 Depths:4
Abyss: Depths:2 Depths:3 Depths:4
Pandemonium: Depths:2
Ziggurat: Depths:4


Innate Abilities, Weirdness & Mutations

You are too large for most types of armour.
You have claws for hands.
Your natural rate of healing is unusually fast.
You are covered in fur. (AC +1)
You have tough skin. (AC +1)
You are partially covered in iridescent scales. (AC +2)
You have a somewhat thin skeletal structure. (Dex +2, Stealth+)
You are agile. (Dex +2)
Your body often deteriorates upon taking damage.
Your flesh is heat resistant. (rF+)
Your system is resistant to poisons. (rPois)
Your muscles are strong. (Str +2)


Message History

There is a stone staircase leading down here.
There is a stone staircase leading up here.
You fly upwards.
There is a stone staircase leading down here.
You see here a +0 dagger.
There is an escape hatch in the ceiling here.
A mysterious force pulls you upwards.
The hatch slams shut behind you. 2 sun demons come into view.
Blink to where?
Press: ? - help, Dir - move target A balrug comes into view.
It is wielding a +0 demon whip.
As you read the scroll of blinking, it crumbles to dust.
The balrug shouts!
The sun demon shouts!
You fly upwards.
There is a stone staircase leading down here.
(D) Dungeon (T) Temple (L) Lair (S) Swamp (P) Snake Pit (M) Slime Pits (O) Orcish Mines (E) Elven Halls (V) Vaults (C) Crypt (U) Depths (H) Hell (Z) Zot
Where to? (Enter - D:1, ? - help)
What level of the Dungeon? (default 1, ? - help) You're already here!
The kobold shouts!
The kobold throws a stone.
PANG!
You block the stone.
The kobold throws a stone.
The stone hits you but does no damage.
The kobold throws a stone.
GONNNNG!
You block the stone. You block the kobold's attack.
GONNNNG!
You closely miss the kobold. You block the kobold's attack.
SHROANNG!
You eviscerate the kobold!!!
You kill the kobold!
Things that are here:
a +0 short sword; 5 stones
There is a staircase leading out of the dungeon here.
You have escaped!

♣.♣♣♣ ♣♣.♣♣♣. ♣.♣
♣♣♣.♣♣ ♣♣ ♣.♣♣
♣♣♣..♣♣ ♣ ♣..♣
♣..♣♣♣ ♣♣.♣♣ ♣.♣♣
♣♣..♣♣ ♣♣.♣♣
♣♣♣..♣.♣ ♣♣.♣ ♣♣
♣......♣ ♣♣.♣♣ ♣≈
♣♣..@..♣♣♣♣♣.♣.♣
♣≈≈≈
♣♣...P..♣....♣♣♣≈≈≈
♣♣♣♣♣♣P.♣P♣♣♣ ♣
♣♣♣♣♣♣


There were no monsters in sight!

Vanquished Creatures
  3 dread liches
  Mara (Swamp:3)
  An ancient lich (Zot:5)
  7 orbs of fire
  4 Killer Klowns
  Margery (Vaults:2)
  Vashnia (Snake:2)
  A caustic shrike (Depths:2)
  The ghost of Diggabert the Hoplite, a veteran HuFi of Okawaru (Vaults:2)
  12 golden dragons
  the Enchantress (Depths:3)
  3 electric golems
  4 liches
  The ghost of Apetoth the Spry, an adept DECj of Sif Muna (Vaults:2)
  18 tentacled monstrosities
  Mlioglotl (Swamp:1)
  28 Orb Guardians
  9 quicksilver dragons
  8 death cobs
  5 sphinxes
  6 tengu reavers
  Kirke (Lair:6)
  15 storm dragons
  A thorn hunter (Swamp:2)
  2 shadow dragons (shapeshifter)
  14 shadow dragons
  Donald (Snake:3)
  12 draconian monks
  3 iron dragons
  Roxanne (Swamp:4)
  2 deep elf sorcerers (Vaults:5)
  2 fire giants
  3 nagarajas
  Aizul (Snake:4)
  14 frost giants
  3 draconian scorchers
  3 orc warlords
  13 vault wardens
  2 balrugs (WizLab)
  7 draconian knights
  4 ghost moths
  15 ironbound preservers
  5 draconian stormcallers
  2 war gargoyles
  6 draconian shifters
  6 spriggan defenders (Depths:3)
  6 caustic shrike skeletons (Depths:3)
  17 very ugly things
  8 stone giants
  7 ironbound thunderhulks
  4 draconian annihilators
  A reaper (Depths:2)
  A deep elf demonologist (Vaults:5)
  4 vampire knights (Zot:1)
  A demonspawn black sun (WizLab)
  An entropy weaver (shapeshifter) (Vaults:5)
  24 green draconians
  3 eleionomae
  6 bunyips
  13 black draconians
  2 entropy weavers
  22 white draconians
  9 yellow draconians
  18 red draconians
  4 dire elephants (Depths:3)
  2 lorocyprocas (WizLab)
  20 purple draconians
  4 spark wasps
  Snorg (D:14)
  11 ettins
  12 fire dragons
  A spark wasp (shapeshifter) (Vaults:5)
  17 yaktaur captains
  Josephine (Lair:6)
  A green death (Zot:3)
  A crystal guardian (Vaults:1)
  The ghost of SpoonFarmer the Devastator, a journeyman DrCj of Vehumet (D:10)
  4 great orbs of eyes
  28 vault guards (Vaults:5)
  22 hydras
  4 deep elf high priests (Vaults:5)
  8 boulder beetles
  10 ice dragons
  8 rakshasas
  9 naga warriors
  6 salamander tyrants
  A ghost crab (Swamp:3)
  2 peacekeepers
  11 anacondas
  3 catoblepae (Lair:6)
  5 ogre magi
  11 ironbound frosthearts
  2 deep troll shamans
  6 spriggan air magi
  A two-headed ogre (shapeshifter) (Depths:3)
  24 two-headed ogres
  4 tengu warriors
  7 centaur warriors
  A death knight (D:14)
  12 alligators
  A vampire mage (Vaults:3)
  12 deep troll earth magi
  5 orc high priests
  8 shock serpents
  12 death yaks
  12 hell knights
  7 spriggan berserkers
  A sun demon (WizLab)
  2 soul eaters (WizLab)
  47 spriggans
  12 naga sharpshooters
  3 fire crabs (Swamp:4)
  7 iron trolls
  A death drake (Depths:4)
  A skeletal warrior (D:13)
  3 sixfirhies
  39 deep trolls
  7 salamander mystics
  8 spriggan druids
  A spark wasp zombie (Depths:1)
  A sea snake (Snake:1)
  2 goliath frogs
  2 spriggan riders (Swamp:4)
  A storm dragon skeleton (Depths:2)
  A sea snake (shapeshifter) (Vaults:5)
  3 bog bodies
  A glowing orange brain (shapeshifter) (Vaults:5)
  2 glowing orange brains
  9 wizards
  7 naga ritualists
  8 swamp dragons
  A shadow demon (WizLab)
  18 ironbound convokers
  A tengu zombie (Depths:2)
  3 deep elf archers (Depths:3)
  4 deep elf pyromancers
  10 lindwurms
  2 flayed ghosts
  A sphinx zombie (Depths:2)
  A golden dragon skeleton (Depths:1)
  An orange crystal statue (IceCv)
  13 necromancers
  12 orc knights
  9 mana vipers
  4 phantasmal warriors
  4 will-o-the-wisps (Swamp:3)
  5 orc sorcerers (Orc:2)
  A tengu skeleton (Depths:2)
  6 manticores
  43 ugly things
  26 moths of wrath
  A salamander (shapeshifter) (D:14)
  A stone giant zombie (Depths:2)
  An iron dragon skeleton (Depths:2)
  7 cyclopes
  A centaur zombie (D:10)
  34 salamanders
  Joseph (D:7)
  8 guardian serpents
  43 black mambas
  9 elephants
  7 naga magi
  12 vault sentinels
  2 rust devils
  4 storm dragon simulacra (IceCv)
  An eye of devastation (shapeshifter) (D:15)
  An ice statue (Swamp:4)
  16 cane toads
  4 centaur skeletons (D:13)
  7 gargoyles
  53 yaktaurs
  8 rime drakes
  2 freezing wraiths
  A kobold demonologist (D:13)
  2 ice devils
  A tormentor (WizLab)
  3 demonic crawlers (D:12)
  2 tengu conjurers (D:14)
  A queen bee (D:9)
  4 hellwings
  4 golden dragon simulacra (IceCv)
  7 komodo dragons
  3 red devils
  8 trolls
  A polar bear (Lair:5)
  A queen bee (shapeshifter) (Vaults:5)
  20 hornets
  A merfolk (shapeshifter) (Vaults:2)
  7 tyrant leeches
  A shadow dragon simulacrum (Depths:2)
  3 meliai (D:12)
  45 slime creatures
  A tarantella (shapeshifter) (D:15)
  A sphinx simulacrum (Depths:1)
  25 blink frogs
  An alligator zombie (Swamp:4)
  A spriggan zombie (Depths:1)
  2 centaur simulacra
  9 wraiths
  A shadow (D:11)
  A vampire (D:12)
  A ynoxinul (WizLab)
  4 hogs (Lair:6)
  A yak (shapeshifter) (Vaults:1)
  A wyvern (Lair:3)
  A human (Lair:6)
  3 basilisks
  3 redbacks (Vaults:1)
  3 water elementals (Depths:1)
  2 chaos spawn
  83 yaks
  A spriggan simulacrum (Depths:1)
  14 vampire mosquitoes
  A neqoxec (WizLab)
  6 steam dragons
  9 wargs
  A harpy simulacrum (D:15)
  15 swamp worms
  37 nagas
  18 water moccasins
  3 acid dragons
  4 floating eyes
  34 orc warriors
  8 swamp drakes
  A human skeleton (Depths:2)
  11 ice dragon simulacra (IceCv)
  A swamp dragon zombie (Swamp:4)
  4 black bears
  3 necrophages
  8 ogres
  A boggart (Vaults:1)
  14 centaurs
  19 wolves
  A kobold brigand (D:13)
  12 bullfrogs
  2 wyvern zombies
  3 small abominations (D:12)
  4 scorpions
  22 killer bees
  2 lindwurm simulacra (IceCv)
  11 electric eels
  7 howler monkeys
  2 lava snakes (Snake:2)
  A bullfrog zombie (D:6)
  7 hounds
  Crazy Yiuf (D:2)
  A bullfrog skeleton (D:7)
  27 orc priests
  A gnoll shaman (D:8)
  A jelly (D:6)
  Ijyb (D:5)
  Jessica (D:3)
  Terence (D:2)
  3 iguanas
  39 orc wizards
  A killer bee zombie (D:7)
  Robin (D:1)
  6 gnolls
  11 adders
  A shadow imp (D:7)
  2 white imps
  An ufetubus (D:7)
  A worm (D:2)
  2 dart slugs
  106 orcs
  11 ball pythons
  4 endoplasms
  3 giant cockroaches
  17 goblins
  10 hobgoblins
  4 quokkas
  8 bats
  4 frilled lizards
  12 kobolds
  8 rats
  A briar patch (Swamp:2)
  3 bushes (Depths:3)
2119 creatures vanquished.

Vanquished Creatures (others)
  A fire dragon (Swamp:4)
  A centaur warrior (D:15)
  A yaktaur (Vaults:3)
  A red devil (Zot:5)
  2 bloated husks
  A spriggan (Swamp:1)
  3 swamp drakes (Swamp:4)
  An ogre (Vaults:2)
  A centaur (Volcano)
  A bush (Depths:3)
  24 foxfires (Swamp:3)
  26 fungi
  128 plants
  6 withered plants (Vaults:2)
197 creatures vanquished.

Grand Total: 2316 creatures vanquished

Notes
Turn   | Place    | Note
-------+----------+-------------------------------------------
     0 | D:1      | quokkamancerX the Troll Monk began the quest for the Orb.
     0 | D:1      | Reached XP level 1. HP: 22/22 MP: 0/0
   209 | D:1      | Reached XP level 2. HP: 29/29 MP: 1/1
   485 | D:1      | Reached XP level 3. HP: 36/36 MP: 2/2
   897 | D:2      | Identified the +0 helmet of Living Life {Str+4}
   897 | D:2      | Noticed Robin
   902 | D:1      | Killed Robin
  1043 | D:2      | Found a faded altar of an unknown god.
  1067 | D:2      | Reached XP level 4. HP: 44/44 MP: 3/3
  1087 | D:2      | Reached skill level 5 in Unarmed Combat
  1296 | D:2      | Identified the +5 mace of Patterns {spect, *Noise Int+9
                  | Dex+4}
  1299 | D:2      | Found a runed translucent door.
  1307 | D:2      | Noticed Crazy Yiuf
  1316 | D:2      | Killed Crazy Yiuf
  1436 | D:2      | Noticed Terence
  1457 | D:2      | Killed Terence
  1458 | D:2      | Reached XP level 5. HP: 23/50 MP: 4/4
  1959 | D:3      | Noticed Jessica
  1963 | D:3      | Killed Jessica
  2215 | D:3      | Found a glowing golden altar of the Shining One.
  2963 | D:4      | Reached XP level 6. HP: 50/59 MP: 5/5
  3306 | D:4      | Reached XP level 7. HP: 47/66 MP: 6/6
  3753 | D:5      | Entered Level 5 of the Dungeon
  3778 | D:5      | Found a staircase to the Ecumenical Temple.
  3787 | Temple   | Entered the Ecumenical Temple
  3903 | Temple   | Became a worshipper of Warmaster Okawaru
  3903 | Temple   | Reached * piety under Okawaru
  3903 | Temple   | Reached ** piety under Okawaru
  4566 | D:5      | Noticed Ijyb
  4580 | D:5      | Killed Ijyb
  4581 | D:5      | Reached XP level 8. HP: 71/74 MP: 4/7
  5057 | D:6      | Reached skill level 10 in Unarmed Combat
  5593 | D:6      | Reached *** piety under Okawaru
  5835 | D:6      | Reached skill level 5 in Fighting
  6156 | D:7      | Found a basalt altar of Yredelemnul.
  6242 | D:7      | Found a hide-covered altar of Uskayaw.
  6290 | D:7      | Reached XP level 9. HP: 80/89 MP: 8/8
  6572 | D:7      | Found an ornate altar of the Wu Jian Council.
  6573 | D:7      | Found a hazy altar of Hepliaklqana.
  6667 | D:7      | Noticed Joseph
  6679 | D:7      | Killed Joseph
  6679 | D:7      | Reached **** piety under Okawaru
  7012 | D:7      | Noticed a two-headed ogre
  7018 | D:7      | Noticed a gargoyle
  7029 | D:7      | Killed a gargoyle
  7035 | D:7      | Noticed a gargoyle
  7097 | D:7      | Killed a gargoyle
  7137 | D:7      | Killed a two-headed ogre
  7137 | D:7      | Reached ***** piety under Okawaru
  7137 | D:7      | Received a gift from Okawaru
  7138 | D:7      | Reached XP level 10. HP: 33/110 MP: 9/9
  7464 | D:8      | Reached skill level 10 in Fighting
  7581 | D:8      | Found a staircase to the Lair.
  8793 | D:9      | Reached skill level 1 in Invocations
  9005 | D:9      | Identified the +1 robe of Magic {rF- rCorr Str+5 Archmagi}
                  | (Okawaru gifted it to you on level 9 of the Dungeon)
  9005 | D:9      | Received a gift from Okawaru
  9019 | D:9      | Reached XP level 11. HP: 62/117 MP: 6/13
  9189 | D:10     | Entered Level 10 of the Dungeon
  9263 | D:10     | Noticed SpoonFarmer's ghost (journeyman DrCj)
  9264 | D:10     | Found a transporter.
  9264 | D:10     | Found a transporter.
  9350 | D:10     | Reached skill level 5 in Invocations
  9354 | D:10     | Noticed a centaur warrior
  9355 | D:10     | Noticed a brown ugly thing
  9363 | D:10     | Killed a centaur warrior
  9370 | D:10     | Killed a brown ugly thing
  9371 | D:10     | Reached skill level 1 in Throwing
  9379 | D:10     | Noticed a centaur warrior
  9392 | D:10     | Killed a centaur warrior
  9796 | D:10     | Identified the +9 great mace of the Boiling Point {vorpal,
                  | rN+ Will+ Str-5}
  9796 | D:10     | Noticed a two-headed ogre
  9796 | D:10     | Noticed a two-headed ogre
  9797 | D:10     | Noticed a two-headed ogre
  9993 | D:10     | Found an ancient bone altar of Kikubaaqudgha.
 10137 | D:10     | Reached skill level 5 in Throwing
 10497 | D:11     | Noticed a two-headed ogre
 10512 | D:11     | Killed a two-headed ogre
 10741 | D:11     | Received a gift from Okawaru
 10741 | D:11     | Found the +1 robe of Vines {NoPotionHeal Regen++++}
 10797 | D:11     | Noticed a two-headed ogre
 10806 | D:11     | Killed a two-headed ogre
 10983 | D:11     | Identified the +1 robe of the Heavens {rPois Int+4 Dex+2}
 11134 | Lair:1   | Entered Level 1 of the Lair of Beasts
 11154 | Lair:1   | Reached XP level 12. HP: 126/126 MP: 15/15
 11462 | Lair:1   | Noticed a four-headed hydra
 11467 | Lair:1   | Killed a four-headed hydra
 11794 | Lair:1   | Reached skill level 10 in Throwing
 11900 | Lair:1   | Reached ****** piety under Okawaru
 12075 | Lair:1   | Identified the ring of Keydadut {rN+ AC+4 Slay+2}
 12258 | Lair:1   | Identified the +0 cloak of Ibryinod {rPois rN+ Will+++
                  | Str-3} (Okawaru gifted it to you on level 1 of the Lair of
                  | Beasts)
 12258 | Lair:1   | Received a gift from Okawaru
 12511 | Lair:1   | Noticed an eight-headed hydra
 12542 | Lair:1   | Killed a ten-headed hydra
 12949 | Lair:2   | Noticed a six-headed hydra
 13379 | Lair:2   | Reached XP level 13. HP: 121/133 MP: 13/16
 13514 | Lair:2   | You fall into a shaft and drop 2 floors!
 13515 | Lair:4   | Found a dark tunnel.
 13568 | Volcano  | Entered a volcano
 13593 | Volcano  | Found a burning altar of Makhleb.
 13603 | Volcano  | Noticed a red draconian
 13613 | Volcano  | Reached skill level 15 in Unarmed Combat
 13731 | Volcano  | Killed a red draconian
 14053 | Lair:4   | Found an iron altar of Okawaru.
 15024 | Lair:3   | Reached skill level 5 in Dodging
 15230 | Lair:3   | Found a staircase to the Snake Pit.
 15307 | Lair:3   | Found a staircase to the Swamp.
 15984 | Lair:2   | Received a gift from Okawaru
 16957 | Lair:5   | Received a gift from Okawaru
 17001 | Lair:5   | Received a gift from Okawaru
 17193 | Lair:5   | Found a hide-covered altar of Uskayaw.
 17193 | Lair:5   | Found an ornate altar of the Wu Jian Council.
 17599 | Lair:5   | Reached skill level 1 in Armour
 17622 | Lair:5   | Reached XP level 14. HP: 149/149 MP: 17/17
 17638 | Lair:5   | Received a gift from Okawaru
 17651 | Lair:5   | Found the +8 whip "Snakebite" {venom, curare, rPois}
 17733 | Lair:5   | Received a gift from Okawaru
 18102 | Lair:6   | Entered Level 6 of the Lair of Beasts
 18137 | Lair:6   | Received a gift from Okawaru
 18435 | Lair:6   | Noticed Josephine
 18554 | Lair:6   | Noticed Kirke
 18568 | Lair:6   | Killed Kirke
 18569 | Lair:6   | Reached skill level 5 in Armour
 18783 | Lair:6   | Found a viscous altar of Jiyva.
 18783 | Lair:6   | Found a staircase to the Slime Pits.
 19182 | Lair:6   | Killed Josephine
 19375 | Lair:6   | Received a gift from Okawaru
 19619 | Lair:6   | Found the +18 shield of the Gong {rElec rN+ Will+ EV-5}
 19636 | Lair:6   | Identified the +9 scythe of Bigreu {freeze, *Rage rElec rN+
                  | Str+4}
 20187 | D:10     | Reached skill level 1 in Shields
 20203 | D:10     | Killed SpoonFarmer's ghost
 20574 | D:12     | Identified the +2 robe of Mental Paralysis {Fly Stlth+}
                  | (Okawaru gifted it to you on level 12 of the Dungeon)
 20574 | D:12     | Received a gift from Okawaru
 20712 | D:12     | Found a staircase to the Orcish Mines.
 21185 | D:12     | Reached XP level 15. HP: 156/156 MP: 15/18
 21247 | D:12     | Got the Guide on the Voyage and the Rocks
 21630 | D:12     | Gained mutation: Your mind is acute. (Int +2) [potion of
                  | mutation]
 21633 | Orc:1    | Entered Level 1 of the Orcish Mines
 22163 | Orc:2    | Entered Level 2 of the Orcish Mines
 22163 | Orc:2    | Found a staircase to the Elven Halls.
 22248 | Orc:2    | Noticed an orc warlord
 22276 | Orc:1    | Killed an orc warlord
 22458 | Orc:2    | Reached skill level 5 in Shields
 23152 | Orc:2    | Found Nautaham's Antique Weapon Emporium.
 23155 | Orc:2    | Found Ineaxt's General Store.
 23162 | Orc:2    | Bought a potion of heal wounds for 60 gold pieces
 23162 | Orc:2    | Bought a scroll of identify for 24 gold pieces
 23162 | Orc:2    | Bought a potion of heal wounds for 60 gold pieces
 23163 | Orc:2    | Reached XP level 16. HP: 165/165 MP: 19/19
 23164 | Orc:2    | Found Iqeodaw's Armour Shop.
 23166 | Orc:2    | Found Wisuss's Armour Emporium.
 23343 | D:13     | Received a gift from Okawaru
 23874 | D:13     | Found an ornate altar of the Wu Jian Council.
 24049 | D:13     | Received a gift from Okawaru
 24202 | D:13     | Found a gate to the Vaults.
 24598 | D:13     | Found a portal to a secret trove of treasure.
 24829 | D:14     | Received a gift from Okawaru
 24848 | D:14     | Identified the +6 trident "Koytim" {flame, rF+ Int+2}
 24992 | D:14     | Noticed Snorg
 25000 | D:14     | Killed Snorg
 25060 | D:14     | Found a stormy altar of Qazlal.
 25760 | D:15     | Entered Level 15 of the Dungeon
 26282 | D:15     | Found a staircase to the Depths.
 26695 | D:15     | Noticed a shadow dragon
 26695 | D:15     | a shadow dragon changed into an eleionoma
 26699 | D:15     | Noticed a shadow dragon
 26699 | D:15     | an eleionoma changed into a shadow dragon
 26700 | D:15     | Noticed an iron giant
 26700 | D:15     | a shadow dragon changed into an iron giant
 26704 | D:15     | Noticed a golden dragon
 26704 | D:15     | an iron giant changed into a golden dragon
 26707 | D:15     | Noticed an acid blob
 26707 | D:15     | a golden dragon changed into an acid blob
 26708 | D:15     | Noticed an iron giant
 26708 | D:15     | an acid blob changed into an iron giant
 26712 | D:15     | Noticed a shadow dragon
 26712 | D:15     | an iron giant changed into a shadow dragon
 26720 | D:15     | Killed a shadow dragon
 26720 | D:15     | Received a gift from Okawaru
 27358 | Swamp:1  | Entered Level 1 of the Swamp
 27366 | Swamp:1  | Reached XP level 17. HP: 128/172 MP: 20/20
 27366 | Swamp:1  | Noticed Mlioglotl
 27524 | Swamp:1  | Killed Mlioglotl
 28991 | Swamp:3  | Noticed Mara
 29556 | Swamp:3  | Noticed quokkamancerX's illusion
 29562 | Swamp:3  | Killed Mara
 29624 | Swamp:3  | Found a shimmering blue altar of Sif Muna.
 29861 | Snake:1  | Entered Level 1 of the Snake Pit
 29950 | Snake:1  | Received a gift from Okawaru
 30918 | D:13     | You paid a toll of 7 scrolls of fog to enter a treasure
                  | trove
 30919 | Trove    | Entered a treasure trove
 30925 | Trove    | Identified the +6 hunting sling of Jymoceih {freeze, rF+
                  | rN+ Int-4 SInv}
 30940 | Trove    | Identified the +10 arbalest of a treasure trove {flame,
                  | Int+3}
 31172 | Snake:2  | Noticed Vashnia
 31183 | Snake:2  | Killed Vashnia
 31671 | Snake:2  | Received a gift from Okawaru
 32000 | Snake:2  | Reached XP level 18. HP: 161/182 MP: 18/21
 32805 | Snake:3  | Noticed Donald
 32818 | Snake:3  | Killed Donald
 32953 | Snake:3  | Reached skill level 10 in Armour
 33064 | Snake:3  | Received a gift from Okawaru
 33571 | Snake:4  | Entered Level 4 of the Snake Pit
 33882 | Snake:4  | Identified the +7 demon trident of Luahor {venom, Str+4}
                  | (Okawaru gifted it to you on level 4 of the Snake Pit)
 33882 | Snake:4  | Received a gift from Okawaru
 33994 | Snake:4  | Reached skill level 10 in Invocations
 34211 | Snake:4  | Received a gift from Okawaru
 34401 | Snake:4  | Noticed Aizul
 34414 | Snake:4  | Killed Aizul
 34696 | Snake:4  | Received a gift from Okawaru
 35147 | Snake:4  | Got a serpentine rune of Zot
 35395 | Swamp:4  | Entered Level 4 of the Swamp
 35707 | Swamp:4  | Identified the +0 robe "Damoev" {Fly Archmagi} (Okawaru
                  | gifted it to you on level 4 of the Swamp)
 35707 | Swamp:4  | Received a gift from Okawaru
 35772 | Swamp:4  | Found a frozen archway.
 35784 | IceCv    | Entered an ice cave
 35857 | IceCv    | Reached XP level 19. HP: 186/189 MP: 25/25
 35946 | IceCv    | Reached skill level 10 in Shields
 36051 | IceCv    | Identified the ring "Qooveeg" {Fire rCorr Str-3 Int+2
                  | Slay+2}
 36099 | IceCv    | Identified the +13 ice dragon scales "Atimed" {rPois rF-
                  | rC++ rN+++ rCorr Int-5}
 36111 | IceCv    | Identified the ring of Cysaur {rPois Will- rCorr Str+4}
 36749 | Swamp:4  | Got a decaying rune of Zot
 36806 | Swamp:4  | Identified Roxanne's Disquisition on Transmutation
 36806 | Swamp:4  | Noticed Roxanne
 36838 | Swamp:4  | Killed Roxanne
 37362 | Vaults:1 | Entered Level 1 of the Vaults
 37793 | Vaults:1 | Identified the +0 robe of Itifaobe {rF+} (Okawaru gifted it
                  | to you on level 1 of the Vaults)
 37793 | Vaults:1 | Received a gift from Okawaru
 38000 | Vaults:1 | You fall into a shaft and drop 1 floor!
 39054 | Vaults:2 | Noticed Margery
 39082 | Vaults:2 | Killed Margery
 39215 | Vaults:2 | Identified the +0 plate armour "Zootaos" {Dex+8}
 39239 | Vaults:2 | Reached XP level 20. HP: 207/208 MP: 26/28
 39261 | Vaults:2 | Received a gift from Okawaru
 39414 | Vaults:2 | Found a runed translucent gate.
 39414 | Vaults:2 | Found a runed translucent gate.
 39414 | Vaults:2 | Noticed Apetoth's ghost (adept DECj)
 39415 | Vaults:2 | Found a runed translucent gate.
 39415 | Vaults:2 | Noticed Diggabert's ghost (veteran HuFi)
 39431 | Vaults:2 | Killed Diggabert's ghost
 39451 | Vaults:2 | Killed Apetoth's ghost
 39464 | Vaults:2 | Identified the ring of Xom's Best Wishes {Str+6 Int+2}
 39506 | Vaults:2 | Received a gift from Okawaru
 39506 | Vaults:2 | Found the +10 tower shield of Ignorance {rN+ Int-4}
 39525 | Vaults:2 | Reached skill level 15 in Fighting
 39561 | Vaults:2 | Noticed an ancient lich
 40705 | Vaults:3 | Identified the +10 mace of the Lurker {spect, rElec rN+
                  | Str+3} (Okawaru gifted it to you on level 3 of the Vaults)
 40705 | Vaults:3 | Received a gift from Okawaru
 41121 | Vaults:3 | Received a gift from Okawaru
 41374 | Vaults:3 | Found a staircase to the Crypt.
 41379 | Vaults:3 | Received a gift from Okawaru
 41392 | Vaults:3 | Identified the +3 arbalest of the Past {speed, rC+ rCorr
                  | Int+3}
 41919 | Vaults:3 | Found Wucwaakloz's Weapon Shop.
 42278 | Vaults:4 | Received a gift from Okawaru
 42634 | Vaults:4 | Reached XP level 21. HP: 212/218 MP: 27/29
 42783 | Vaults:4 | Received a gift from Okawaru
 43165 | Vaults:4 | Identified the ring "Uricocwu" {Fly rC+++ AC+4 Int-3}
 43343 | Vaults:4 | Received a gift from Okawaru
 43707 | Depths:1 | Entered Level 1 of the Depths
 43799 | Depths:1 | Found a gateway to Hell.
 44146 | Depths:1 | Found a glowing silver altar of Zin.
 44341 | Depths:1 | Found Yrghiro's Book Boutique.
 44343 | Depths:1 | Found Voucah's Jewellery Shoppe.
 44344 | Depths:1 | Found Rashrufro's Book Boutique.
 44882 | Depths:2 | Paralysed by a floating eye for 3 turns
 45072 | Depths:2 | Found a magical portal.
 45075 | Depths:2 | Noticed a caustic shrike
 45085 | Depths:2 | Killed a caustic shrike
 45133 | Depths:2 | Received a gift from Okawaru
 45143 | WizLab   | Entered The Hall of the Hellbinder
 45225 | WizLab   | Gained mutation: Your magical capacity is low. (-10% MP) [a
                  | neqoxec]
 45286 | WizLab   | Gained mutation: You sometimes lose the ability to read
                  | scrolls when taking damage. [a neqoxec]
 45302 | WizLab   | Received a gift from Okawaru
 45302 | WizLab   | Found the +8 demon trident "Rift" {distort, reach+}
 45308 | WizLab   | Gained mutation: Your body sometimes deteriorates upon
                  | taking damage. [a neqoxec]
 45521 | Depths:1 | Lost mutation: Your mind is acute. (Int +2) [potion of
                  | mutation]
 45521 | Depths:1 | Lost mutation: Your magical capacity is low. (-10% MP)
                  | [potion of mutation]
 45521 | Depths:1 | Lost mutation: Your body sometimes deteriorates upon taking
                  | damage. [potion of mutation]
 45521 | Depths:1 | Gained mutation: You are dopey. (Int -2) [potion of
                  | mutation]
 45521 | Depths:1 | Gained mutation: You are clumsy. (Dex -2) [potion of
                  | mutation]
 45521 | Depths:1 | Lost mutation: You are dopey. (Int -2) [potion of mutation]
 45521 | Depths:1 | Gained mutation: You have a somewhat thin skeletal
                  | structure. (Dex +2, Stealth+) [potion of mutation]
 45522 | Depths:1 | Lost mutation: You are clumsy. (Dex -2) [potion of
                  | mutation]
 45522 | Depths:1 | Lost mutation: You have a somewhat thin skeletal structure.
                  | (Dex +2, Stealth+) [potion of mutation]
 45522 | Depths:1 | Gained mutation: You are dopey. (Int -2) [potion of
                  | mutation]
 45522 | Depths:1 | Gained mutation: You passively map a small area around you.
                  | [potion of mutation]
 45522 | Depths:1 | Gained mutation: You have a somewhat thin skeletal
                  | structure. (Dex +2, Stealth+) [potion of mutation]
 45523 | Depths:1 | Lost mutation: You passively map a small area around you.
                  | [potion of mutation]
 45523 | Depths:1 | Lost mutation: You sometimes lose the ability to read
                  | scrolls when taking damage. [potion of mutation]
 45523 | Depths:1 | Gained mutation: You tend to lose your temper in combat.
                  | [potion of mutation]
 45523 | Depths:1 | Gained mutation: You are agile. (Dex +2) [potion of
                  | mutation]
 45524 | Depths:1 | Lost mutation: You have a somewhat thin skeletal structure.
                  | (Dex +2, Stealth+) [potion of mutation]
 45524 | Depths:1 | Lost mutation: You tend to lose your temper in combat.
                  | [potion of mutation]
 45524 | Depths:1 | Lost mutation: You are dopey. (Int -2) [potion of mutation]
 45524 | Depths:1 | Gained mutation: You have supernaturally acute eyesight.
                  | (SInv) [potion of mutation]
 45524 | Depths:1 | Gained mutation: Your magical capacity is low. (-10% MP)
                  | [potion of mutation]
 46024 | Depths:2 | Found a one-way gate leading to the halls of Pandemonium.
 46476 | Depths:2 | Found a one-way gate to the infinite horrors of the Abyss.
 46593 | Depths:3 | Received a gift from Okawaru
 46758 | Depths:3 | Identified the +8 tower shield of the Fiend {Harm Int+7}
                  | (Okawaru gifted it to you on level 3 of the Depths)
 46758 | Depths:3 | Received a gift from Okawaru
 46959 | Depths:3 | Reached XP level 22. HP: 226/227 MP: 26/26
 46972 | Depths:3 | Identified the +10 glaive of the Chain {vorpal, *Corrode
                  | rPois Int+6}
 46977 | Depths:3 | Noticed the Enchantress
 46996 | Depths:3 | Killed the Enchantress
 47563 | Depths:3 | Found a bloodstained altar of Trog.
 47647 | Depths:3 | Reached skill level 15 in Armour
 47647 | Depths:3 | Reached skill level 15 in Shields
 48819 | Depths:2 | Identified the +2 hunting sling "Irul" {flame, rPois SInv}
                  | (Okawaru gifted it to you on level 2 of the Depths)
 48819 | Depths:2 | Received a gift from Okawaru
 49078 | Depths:4 | Entered Level 4 of the Depths
 49341 | Depths:4 | Noticed a golden dragon
 49394 | Depths:3 | Killed a golden dragon
 49429 | Depths:3 | Received a gift from Okawaru
 50105 | Depths:4 | Found Ochuuf's Magic Scroll Shop.
 50264 | Depths:4 | Bought a scroll of fog for 28 gold pieces
 50264 | Depths:4 | Bought a scroll of immolation for 49 gold pieces
 50264 | Depths:4 | Bought a scroll of blinking for 105 gold pieces
 50264 | Depths:4 | Bought a scroll of fear for 49 gold pieces
 50264 | Depths:4 | Bought a scroll of fear for 49 gold pieces
 50264 | Depths:4 | Bought a scroll of vulnerability for 105 gold pieces
 50264 | Depths:4 | Bought a scroll of silence for 105 gold pieces
 50264 | Depths:4 | Bought a scroll of teleportation for 42 gold pieces
 50694 | Depths:4 | Noticed a golden dragon
 50707 | Depths:4 | Killed a golden dragon
 50869 | Depths:4 | Found a corrupted altar of Lugonu.
 51050 | Depths:4 | Found a one-way gateway to a ziggurat.
 51445 | Depths:4 | Noticed a golden dragon
 51456 | Depths:4 | Killed a golden dragon
 51477 | Depths:4 | Received a gift from Okawaru
 51514 | Depths:4 | Reached XP level 23. HP: 212/235 MP: 21/27
 51562 | Depths:4 | Identified the +7 spear "Hydrabane" {elec, Int+4}
 51623 | Depths:4 | Received a gift from Okawaru
 51786 | Depths:4 | Reached skill level 15 in Throwing
 51892 | Depths:4 | Found a gate to the Realm of Zot.
 53035 | Vaults:5 | Entered Level 5 of the Vaults
 53043 | Vaults:5 | Received a gift from Okawaru
 53184 | Vaults:5 | Received a gift from Okawaru
 53312 | Vaults:5 | Reached skill level 10 in Dodging
 54005 | Vaults:5 | Identified the +9 flail "Dragonbane" {venom, rCorr Int+7}
 54048 | Vaults:5 | Identified the +0 plate armour "Voocuol" {rN+ Will+ Dex+2
                  | Slay-5}
 54066 | Vaults:5 | Identified the +3 rapier "Codannoi" {vorpal, SInv}
 54288 | Vaults:5 | Got a silver rune of Zot
 55157 | Zot:1    | Entered Level 1 of the Realm of Zot
 55479 | Zot:1    | Received a gift from Okawaru
 55480 | Zot:1    | Reached XP level 24. HP: 191/250 MP: 21/27
 55622 | Zot:1    | Noticed a dread lich
 55833 | Zot:1    | Killed a dread lich
 55867 | Zot:1    | Noticed a dread lich
 55875 | Zot:1    | Killed a dread lich
 55932 | Zot:1    | Paralysed by a floating eye for 2 turns
 56072 | Zot:1    | Paralysed by a floating eye for 4 turns
 56842 | Zot:2    | Noticed a Killer Klown
 56924 | Zot:2    | Killed a Killer Klown
 56924 | Zot:2    | Received a gift from Okawaru
 57246 | Zot:2    | Identified the +5 dagger of Goreuraj {speed, rPois Will+
                  | Str+5 Dex-4}
 57307 | Zot:1    | Received a gift from Okawaru
 57990 | Zot:2    | Received a gift from Okawaru
 58132 | Zot:3    | Identified the ring "Dodif" {Fly Will- MP+9 Dex+4}
 59034 | Zot:4    | Received a gift from Okawaru
 59479 | Zot:4    | Reached XP level 25. HP: 246/275 MP: 24/27
 59575 | Zot:4    | Noticed a Killer Klown
 59643 | Zot:4    | Killed a Killer Klown
 60267 | Zot:4    | Identified the +6 hand crossbow "Ylanoic" {freeze, rElec
                  | rN+ Str+7 Int-4} (Okawaru gifted it to you on level 4 of
                  | the Realm of Zot)
 60267 | Zot:4    | Received a gift from Okawaru
 60665 | Zot:5    | Entered Level 5 of the Realm of Zot
 60959 | Zot:5    | Identified the +2 trident of Regicide {speed, rN+++ Will-}
 61164 | Zot:5    | Noticed an orb of fire
 61165 | Zot:5    | Gained mutation: Armour fits poorly on your strangely
                  | shaped body. [an orb of fire]
 61174 | Zot:5    | Killed an orb of fire
 61328 | Zot:5    | Noticed an orb of fire
 61344 | Zot:5    | Killed an orb of fire
 61353 | Zot:5    | Noticed an ancient lich
 61365 | Zot:5    | Killed an ancient lich
 61468 | Zot:5    | Noticed an orb of fire
 61471 | Zot:5    | Noticed an orb of fire
 61475 | Zot:5    | Gained mutation: You are frail. (-10% HP) [an orb of fire]
 61477 | Zot:5    | Noticed an orb of fire
 61477 | Zot:5    | Noticed an orb of fire
 61478 | Zot:5    | Killed an orb of fire
 61480 | Zot:5    | Noticed an orb of fire
 61483 | Zot:5    | Gained mutation: You have large cloven feet. [an orb of
                  | fire]
 61483 | Zot:5    | Gained mutation: Your body sometimes deteriorates upon
                  | taking damage. [an orb of fire]
 61487 | Zot:4    | Killed an orb of fire
 61650 | Zot:5    | Gained mutation: Your spells are a little easier to cast,
                  | but a little less powerful. [an orb of fire]
 61652 | Zot:5    | Gained mutation: Your body often deteriorates upon taking
                  | damage. [an orb of fire]
 61675 | Zot:5    | Gained mutation: You are very frail. (-20% HP) [an orb of
                  | fire]
 61683 | Zot:4    | Gained mutation: You tend to lose your temper in combat.
                  | [an orb of fire]
 61686 | Zot:4    | Killed an orb of fire
 61690 | Zot:4    | Killed an orb of fire
 61690 | Zot:4    | Received a gift from Okawaru
 61889 | Zot:5    | Killed an orb of fire
 61889 | Zot:5    | Received a gift from Okawaru
 61954 | Zot:4    | Lost mutation: Your magical capacity is low. (-10% MP)
                  | [potion of mutation]
 61954 | Zot:4    | Lost mutation: You are very frail. (-20% HP) [potion of
                  | mutation]
 61954 | Zot:4    | Gained mutation: You are partially covered in iridescent
                  | scales. (AC +2) [potion of mutation]
 61955 | Zot:4    | Lost mutation: You have large cloven feet. [potion of
                  | mutation]
 61955 | Zot:4    | Lost mutation: You are frail. (-10% HP) [potion of
                  | mutation]
 61955 | Zot:4    | Gained mutation: You have a somewhat thin skeletal
                  | structure. (Dex +2, Stealth+) [potion of mutation]
 61955 | Zot:4    | Gained mutation: You are resistant to electric shocks.
                  | (rElec) [potion of mutation]
 61956 | Zot:4    | Lost mutation: You have supernaturally acute eyesight.
                  | (SInv) [potion of mutation]
 61956 | Zot:4    | Lost mutation: Your spells are a little easier to cast, but
                  | a little less powerful. [potion of mutation]
 61956 | Zot:4    | Lost mutation: Armour fits poorly on your strangely shaped
                  | body. [potion of mutation]
 61956 | Zot:4    | Gained mutation: Your muscles are strong. (Str +2) [potion
                  | of mutation]
 61998 | Zot:5    | Noticed a dread lich
 61998 | Zot:5    | Noticed a Killer Klown
 62008 | Zot:4    | Killed a dread lich
 62182 | Zot:5    | Killed a Killer Klown
 62237 | Zot:5    | Noticed a Killer Klown
 62239 | Zot:5    | Received a gift from Okawaru
 62254 | Zot:5    | Killed a Killer Klown
 62902 | Zot:5    | Lost mutation: You tend to lose your temper in combat.
                  | [potion of mutation]
 62902 | Zot:5    | Lost mutation: You are resistant to electric shocks.
                  | (rElec) [potion of mutation]
 62902 | Zot:5    | Gained mutation: Your flesh is heat resistant. (rF+)
                  | [potion of mutation]
 62902 | Zot:5    | Gained mutation: Your system is resistant to poisons.
                  | (rPois) [potion of mutation]
 62906 | Zot:5    | Got the Orb of Zot
 62912 | Zot:5    | Noticed Wuak the pandemonium lord
 63054 | Depths:4 | Noticed Enucuyce the pandemonium lord
 63236 | D:14     | Noticed Plog the pandemonium lord
 63506 | D:$      | Escaped with the Orb!

Illustrated notes

Levels and vault maps discovered:
D:1:      kilobyte_arrival_exit_the_forest, layout_loops_cross, serial_glass,
          glass_columns_a, glass_columns_a, glass_columns_b, glass_columns_b,
          glass_columns_b, glass_columns_b, glass_columns_b, glass_columns_a,
          glass_columns_b, glass_columns_a
D:2:      layout_loops_cross, nicolae_ecumenical_snake_handling, uniq_robin,
          uniq_crazy_yiuf_cottage, uniq_terence
D:3:      layout_loops_corners, tso_altar, amcnicky_mini_pool_small,
          uniq_jessica
D:4:      layout_loops_ring, minivault_19, minmay_starry_boxes
D:5:      layout_layer_cave, minmay_temple_entry_mist, uniq_ijyb
D:6:      layout_loops_corners
D:7:      minmay_chambers_of_sixes, layout_basic, yredelemnul_altar_generic,
          jmf_multi_god_temple, kennysheep_mini, uniq_joseph
D:8:      layout_basic, erik_lair_island, minmay_misc_feat_nine_boxes,
          kennysheep_generic_room_14
D:9:      layout_roguey, minivault_7
D:10:     kennysheep_blocky_room, layout_gridville, lemuel_crystal_altar,
          gammafunk_ghost_smash, nicolae_wwwww
D:11:     layout_basic
D:12:     cheibrodos_hippocracy, layout_gridville, david_orc_2,
          kennysheep_generic_room_5
D:13:     layout_stronghold, hangedman_vaults_entry_quadrant_bands,
          nicolae_trove_entry_columns, nzn_wu_jian_contemplation
D:14:     layout_stronghold, nicolae_qazlal_style_of_elements, uniq_snorg
D:15:     gammafunk_enter_depths_forms, layout_layer_cave, grunt_decor_clamped
Temple:   compressed_dpeg_circular_temple
Lair:1:   layout_cave_pods, infiniplex_staircase_pool_2, grunt_megastairs_2
Lair:2:   layout_cave_pods, grunt_megastairs_3
Lair:3:   layout_loops_ring, minmay_swamp_entry_worms,
          guppyfry_snake_entry_island, serial_bayou_shore_a
Lair:4:   layout_hall_layers, basic_altar, nicolae_volcano_entry_lava_flow
Lair:5:   minmay_guarded_unrand_snakebite, layout_cave_pods,
          nzn_masters_of_martial_movement, grunt_megastairs_5
Lair:6:   evilmike_catoblepas_cave, layout_loops_ring,
          dpeg_slime_entry_enclosed_altar, nicolae_lair_lil_pond, uniq_kirke,
          uniq_josephine
Swamp:1:  nicolae_swamp_long_stream, layout_basic_swamp, nicolae_swamp_oxbows,
          uniq_mlioglotl
Swamp:2:  layout_basic_swamp, evilmike_swamp_ruin_rubble_2, swamp_pool4
Swamp:3:  layout_basic_swamp, evilmike_swamp_ruin_house_1,
          nicolae_swamp_godswood, uniq_mara
Swamp:4:  swamp_fiery, layout_basic_swamp, portal_ice_cave_entry_ice_statue_one,
          nicolae_swamp_necromancer_hut, uniq_roxanne
Snake:1:  layout_basic, grunt_ministairs_5, st_stairs_8
Snake:2:  nicolae_snake_nest, layout_basic, uniq_vashnia
Snake:3:  layout_rooms, grunt_megastairs_1, lemuel_fruit_tree, uniq_donald
Snake:4:  grunt_snake_rune_pools, layout_cave_town,
          nicolae_snake_snakes_in_the_grass, uniq_aizul
Orc:1:    layout_diamond_mine, nooodl_orcs_dogs
Orc:2:    st_orc_elflike, layout_diamond_mine
Vaults:1: nicolae_vaults_ninety_degrees, nicolae_vaults_twisting_passages,
          ontoclasm_vaults_chip, ontoclasm_vaults_pinch,
          dpeg_vaults_monster_row, st_hourglassy, hangedman_vaults_unwind,
          v_misc_4, nicolae_vaults_little_squares_1, layout_vaults_ring
Vaults:2: gammafunk_ghost_cemetery, vaults_room_door_ring,
          hangedman_vaults_nails, v_rooms_3, v_alt_pattern_5,
          grunt_vaults_focal, nicolae_vaults_arrows, nicolae_vaults_alarming,
          grunt_vaults_diagonal, vaults_room_pools,
          nicolae_vaults_specimen_jars, layout_vaults_omnicross, uniq_margery
Vaults:3: minmay_crypt_entry_simple_plaza, v_misc_28,
          hangedman_vaults_river_flow, vaults_room_corners, v_rooms_6,
          vaults_mumra_hex, nicolae_vaults_little_squares_3,
          dpeg_vaults_monster_box, layout_vaults_big_room, serial_shops,
          nicolae_shop_bloodbath_and_beyond
Vaults:4: vaults_room_ringed_pool, nicolae_vaults_shelves_hall,
          nicolae_vaults_little_squares_3, hangedman_vaults_impose,
          nicolae_vaults_rhombus_5, layout_vaults_quadrants
Vaults:5
Depths:1: layout_basic, zin_angel, hell_entry, minmay_fountain_box,
          roderic_lattice_a, minmay_shop_grove
Depths:2: minmay_inside_and_out, layout_cross, infiniplex_enter_wizlab_water,
          hell_entry, serial_rivers, chequers_serial_rivers_room_a,
          chequers_serial_rivers_marsh, chequers_serial_rivers_large_b,
          chequers_serial_rivers_small_3, chequers_serial_rivers_micro_b,
          chequers_serial_rivers_marsh, abyss_entry_small_statue_room,
          rand_demon_pan_entry_3
Depths:3: spriggan_forest, abyss_entry, hell_entry
Depths:4: lemuel_castle_with_subvaults [lemuel_castle_interior_carwin_2],
          layout_gridville, enter_ziggurat_f, abyss_entry_flame_altar,
          minmay_misc_feat_more_columns, serial_shops, shop,
          grunt_hell_entry_dis_old, amcnicky_mini_pool_medium,
          serial_bayou_shore_b, serial_bayou_shore_b
Zot:1:    hellmonk_paralyzer, layout_gridlike
Zot:2:    layout_misc_corridors
Zot:3:    layout_misc_corridors, grunt_ministairs_9, st_small_dragon_hoard_4
Zot:4:    layout_cellular_growth, st_single_dragon_hoard_4, zot_minivault_1
Zot:5:    layout_cathedral_of_symmetry

Skill      XL: |  1  2  3  4  5  6  7  8  9 10 11 12 13 14 15 16 17 18 19 20 21 22 23 24 25 |
---------------+----------------------------------------------------------------------------+-----
Unarmed Combat | 4 5 6 8 9 10 12 14 15 16 18 20 22 | 22.0
Fighting       | 6 9 10 12 14 15 16 20 22 | 22.0
Invocations    | 4 6 10 12 | 12.0
Throwing       | 8 10 14 15 | 15.0
Dodging        | 6 10 12 | 12.8
Armour         | 1 6 9 10 12 14 15 | 15.0
Shields        | 3 6 9 10 12 14 15 | 15.0
Stealth        | |  1.0

Action                   |  1- 3 |  4- 6 |  7- 9 | 10-12 | 13-15 | 16-18 | 19-21 | 22-24 | 25-27 || total
-------------------------+-------+-------+-------+-------+-------+-------+-------+-------+-------++-------
Melee: Unarmed           |   116 |   146 |   233 |   571 |  1022 |  1328 |  1691 |  1773 |   454 ||  7334
       Punch             |     1 |     9 |     7 |    35 |    64 |       |       |       |       ||   116
       Kick              |       |       |       |       |       |       |       |       |    12 ||    12
Throw: Javelin           |       |     3 |     3 |     1 |    10 |       |       |     5 |    21 ||    43
       Boomerang         |       |       |       |    18 |    69 |       |       |    35 |       ||   122
       Large rock        |       |       |       |       |    10 |    56 |    49 |    35 |       ||   150
       Dart              |       |       |       |       |       |       |       |       |     2 ||     2
Invok: Heroism           |       |       |     4 |     5 |    16 |    22 |    41 |    50 |    20 ||   158
       Finesse           |       |       |       |     2 |     7 |     5 |    12 |    17 |     3 ||    46
Evoke: Wand              |       |       |     1 |    11 |     2 |     7 |    15 |       |     5 ||    41
  Use: Scroll            |       |       |     9 |     5 |    12 |     8 |     4 |    10 |     3 ||    51
       Potion            |       |       |     1 |     1 |     5 |     2 |    12 |    10 |    10 ||    41
 Stab: Sleeping          |     5 |     4 |     2 |     1 |       |       |       |       |       ||    12
       Invisible         |       |       |     2 |       |     1 |       |     2 |     3 |       ||     8
       Confused          |       |       |       |       |       |     1 |     4 |       |       ||     5
Armor: Robe              |    47 |    31 |    79 |    77 |       |       |       |       |       ||   234
       Acid dragon scale |       |       |       |    91 |   304 |   167 |       |       |       ||   562
       Gold dragon scale |       |       |       |       |       |   252 |   499 |   678 |   162 ||  1591
Dodge: Dodged            |    70 |    56 |   103 |   227 |   254 |    62 |    46 |    93 |    29 ||   940
Block: Kite shield       |       |       |       |       |   530 |  1821 |  1576 |  1820 |   449 ||  6196
       Reflection        |       |       |       |       |       |   115 |       |       |       ||   115
